 Dungeon Crawl Stone Soup version 0.28.0 (webtiles) character file.

Game seed: 12467099035807192095

81 dolemite99 the Digger (level 4, 0/32 HPs)
             Began as a Gnoll Earth Elementalist on Feb 5, 2022.
             Was a Believer of Cheibriados.
             Slain by Sigmund (11 damage)
             ... on level 3 of the Dungeon.
             The game lasted 00:02:09 (1698 turns).

dolemite99 the Digger (Gnoll Earth Elementalist)    Turns: 1698, Time: 00:02:09

Health: 0/32       AC:  2    Str: 12    XL:     4   Next: 40%
Magic:  10/11      EV: 14    Int: 22    God:    Cheibriados [**....]
Gold:   30         SH:  0    Dex: 17    Spells: 9/13 levels left

rFire   . . .      SeeInvis .     - Unarmed
rCold   . . .      Faith    .   (no shield)
rNeg    . . .      Spirit   .   b - +0 robe
rPois   .          Reflect  .   (no helmet)
rElec   .          Harm     .   (no cloak)
rCorr   .          Rampage  .   (no gloves)
Will    .....                   (no boots)
Stlth   +++.......              (no amulet)
HPRegen 0.10/turn               (no ring)
MPRegen 0.12/turn               (no ring)

@: hasted, quick
A: fangs 1, strong nose, distributed training
a: Renounce Religion, Bend Time


You were on level 3 of the Dungeon.
You worshipped Cheibriados.
Cheibriados was pleased with you.
You visited 1 branch of the dungeon, and saw 3 of its levels.

You collected 30 gold pieces.

Inventory:

Hand Weapons
 h - a +0 hunting sling
 k - the +4 hunting sling of Discomfort {vorpal, rElec rCorr Int-4}
   (You found it on level 2 of the Dungeon)

   Any ammunition fired from it inflicts extra damage upon your enemies.
   Int:       It affects your intelligence (-4).
   rElec:     It insulates you from electricity.
   rCorr:     It protects you from acid and corrosion.
Missiles
 c - 57 stones
 f - 12 sling bullets
 m - 4 poisoned darts
 o - 11 arrows
Armour
 b - a +0 robe (worn)
 l - a +0 scale mail
 p - the +0 leather armour "Nufaph" {Rampage rPois Regen+ SInv}
   (You found it on level 2 of the Dungeon)

   rPois:     It protects you from poison.
   SInv:      It lets you see invisible.
   Regen:     It increases your rate of health regeneration.
   Rampage:   It bestows one free step when moving towards enemies.
   Cheibriados disapproves of the use of such an item.
Jewellery
 j - an amulet of guardian spirit
Scrolls
 g - a scroll of blinking {unknown}
 q - a scroll of amnesia {unknown}
 r - a scroll of summoning {unknown}
Potions
 a - a potion of might {unknown}
 d - a potion of curing {unknown}
 e - a potion of heal wounds {unknown}
 i - a potion of haste
 n - a potion of attraction {unknown}


   Skills:
 + Level 1.1 Fighting
 + Level 1.1 Short Blades
 + Level 1.1 Long Blades
 + Level 1.1 Axes
 + Level 1.1 Maces & Flails
 + Level 1.1 Polearms
 + Level 1.1 Staves
 + Level 1.1 Slings
 + Level 1.1 Bows
 + Level 1.1 Crossbows
 + Level 1.1 Throwing
 + Level 1.1 Armour
 + Level 4.6 Dodging
 + Level 4.2 Stealth
 + Level 1.1 Shields
 + Level 1.1 Unarmed Combat
 + Level 5.1 Spellcasting
 + Level 0.9 Conjurations
 + Level 0.9 Hexes
 + Level 0.9 Summonings
 + Level 0.9 Necromancy
 + Level 0.9 Translocations
 + Level 2.2 Transmutations
 + Level 0.9 Fire Magic
 + Level 0.9 Ice Magic
 + Level 0.9 Air Magic
 + Level 5.4 Earth Magic
 + Level 0.9 Poison Magic
 + Level 1.2 Invocations
 + Level 1.1 Evocations


You had 9 spell levels left.
You knew the following spells:

 Your Spells              Type           Power      Damage    Failure   Level
a - Sandblast             Erth           58%        2d13      1%          1
b - Stone Arrow           Conj/Erth      38%        3d9       9%          3

Your spell library contained the following spells:

 Spells                   Type           Power      Damage    Failure   Level
 Passwall                 Tmut/Erth      18%        N/A       3%          2
 Petrify                  Tmut/Erth      22%        N/A       21%         4
 Animate Dead             Necr           4%         N/A       56%         4
 Borgnjor's Vile Clutch   Necr/Erth      9%         N/A       58%         5
 Death Channel            Necr           4%         N/A       100%        6


Dungeon Overview and Level Annotations

Branches:
Dungeon (3/15)

Altars:
Cheibriados

Annotations:
D:3 Sigmund


Innate Abilities, Weirdness & Mutations

You have very sharp teeth.
Your uncanny sense of smell can sniff out nearby items.
Your experience applies equally to all skills.


Message History

Confirm with . or Enter, or press ? or * to list all spells.
You can't see any susceptible monsters within range! (Use Z to cast anyway.)
Casting: Sandblast (safe; 1% risk of failure)
Confirm with . or Enter, or press ? or * to list all spells.
You can't see any susceptible monsters within range! (Use Z to cast anyway.)
Casting: Sandblast (safe; 1% risk of failure)
Confirm with . or Enter, or press ? or * to list all spells.
You can't see any susceptible monsters within range! (Use Z to cast anyway.) Magic restored.
You hear the slow rusting of a very distant drain.
Found a hunting sling.
Sigmund the Dreaded comes into view.
He is wielding a +0 scythe.
Found 16 gold pieces.
Found a stone staircase leading up.
Sigmund shouts!
Sigmund gestures wildly while chanting.
Sigmund flickers and vanishes!
Deactivating autopickup; reactivate with Ctrl-A.
Casting: Sandblast (safe; 1% risk of failure)
Confirm with . or Enter, or press ? or * to list all spells.
You can't see any susceptible monsters within range! (Use Z to cast anyway.)
Casting: Sandblast (safe; 1% risk of failure)
Confirm with . or Enter, or press ? or * to list all spells.
You can't see any susceptible monsters within range! (Use Z to cast anyway.)
Something hits you! Something hits you!
Casting: Sandblast (safe; 1% risk of failure)
Confirm with . or Enter, or press ? or * to list all spells.
Aiming: Sandblast (safe; 1% risk of failure)
Press: ? - help, Shift-Dir - straight line The blast of sand hits something!
Something barely misses you.
It was a potion of haste.
You feel yourself speed up.
Cheibriados forgives your accidental hurry, just this once.
Casting: Sandblast (safe; 1% risk of failure)
Confirm with . or Enter, or press ? or * to list all spells.
You can't see any susceptible monsters within range! (Use Z to cast anyway.)
Casting: Sandblast (safe; 1% risk of failure)
Confirm with . or Enter, or press ? or * to list all spells.
You don't know that spell.
Something hits you!
You die...

#### ...# ######
...#####....#
............#
...#........######
...#........##...#
...#....##.....#.#
####....#..#####.# #
#.......## #@#
.#......### #{#
.#.#..[.# #.# ........#
#.# ........#####
#.#####
....#####.....##.....##
...# ...<..........#
.#. ...............#
...............#


There were no monsters in sight!

Vanquished Creatures
  4 adders (D:2)
  A dart slug (D:1)
  8 bats
  2 endoplasms
  5 giant cockroaches
  A hobgoblin (D:1)
  5 jackals
  2 quokkas (D:1)
  4 ball pythons
  4 frilled lizards
  2 goblins
  2 kobolds (D:1)
  3 rats
43 creatures vanquished.

Notes
Turn   | Place    | Note
-------+----------+-------------------------------------------
     0 | D:1      | dolemite99 the Gnoll Earth Elementalist began the quest for
                  | the Orb.
     0 | D:1      | Reached XP level 1. HP: 13/13 MP: 6/6
   219 | D:1      | Found a faded altar of an unknown god.
   223 | D:1      | Reached XP level 2. HP: 19/19 MP: 5/7
   416 | D:1      | Prayed at the altar of an unknown god.
   416 | D:1      | Became a worshipper of Cheibriados the Contemplative
   416 | D:1      | Reached * piety under Cheibriados
   735 | D:1      | Reached XP level 3. HP: 25/25 MP: 7/9
   955 | D:1      | Reached skill level 5 in Spellcasting
  1013 | D:2      | Learned a level 3 spell: Stone Arrow
  1064 | D:2      | Reached ** piety under Cheibriados
  1189 | D:2      | Reached skill level 1 in Invocations
  1321 | D:2      | Identified the +4 hunting sling of Discomfort {vorpal,
                  | rElec rCorr Int-4}
  1366 | D:2      | Reached skill level 1 in Fighting
  1366 | D:2      | Reached skill level 1 in Short Blades
  1366 | D:2      | Reached skill level 1 in Long Blades
  1366 | D:2      | Reached skill level 1 in Axes
  1366 | D:2      | Reached skill level 1 in Maces & Flails
  1366 | D:2      | Reached skill level 1 in Polearms
  1366 | D:2      | Reached skill level 1 in Staves
  1366 | D:2      | Reached skill level 1 in Slings
  1366 | D:2      | Reached skill level 1 in Bows
  1366 | D:2      | Reached skill level 1 in Crossbows
  1366 | D:2      | Reached skill level 1 in Throwing
  1366 | D:2      | Reached skill level 1 in Armour
  1366 | D:2      | Reached skill level 1 in Shields
  1366 | D:2      | Reached skill level 1 in Unarmed Combat
  1366 | D:2      | Reached skill level 1 in Evocations
  1366 | D:2      | Reached XP level 4. HP: 32/32 MP: 9/11
  1448 | D:2      | Identified the +0 leather armour "Nufaph" {Rampage rPois
                  | Regen+ SInv}
  1687 | D:3      | Noticed Sigmund
  1698 | D:3      | Slain by Sigmund

Illustrated notes

Levels and vault maps discovered:
D:1:      elethiomel_arrival_infinity_welcomes_careful_drivers,
          layout_loops_ring, dreamdust_ecumenical_altar_statues
D:2:      minmay_chambers_of_ones, layout_basic
D:3:      layout_rooms, gup_sewer_entry_glass, kennysheep_generic_room_11,
          uniq_sigmund

Skill      XL: |  1  2  3 |
---------------+----------+-----
Transmutations | 2 |  2.2
Spellcasting   | 5 |  5.1
Invocations    | 1 |  1.2
Fighting       | 1 |  1.1
Short Blades   | 1 |  1.1
Long Blades    | 1 |  1.1
Axes           | 1 |  1.1
Maces & Flails | 1 |  1.1
Polearms       | 1 |  1.1
Staves         | 1 |  1.1
Slings         | 1 |  1.1
Bows           | 1 |  1.1
Crossbows      | 1 |  1.1
Throwing       | 1 |  1.1
Armour         | 1 |  1.1
Shields        | 1 |  1.1
Unarmed Combat | 1 |  1.1
Evocations     | 1 |  1.1
Dodging        | |  4.6
Stealth        | |  4.2
Conjurations   | |  0.9
Hexes          | |  0.9
Summonings     | |  0.9
Necromancy     | |  0.9
Translocations | |  0.9
Fire Magic     | |  0.9
Ice Magic      | |  0.9
Air Magic      | |  0.9
Earth Magic    | |  5.4
Poison Magic   | |  0.9

Action                   |  1- 3 |  4- 6 || total
-------------------------+-------+-------++-------
Melee: Unarmed           |     1 |     1 ||     2
 Cast: Sandblast         |    50 |     8 ||    58
  Use: Potion            |       |     1 ||     1
Dodge: Dodged            |    17 |     5 ||    22
